 Dungeon Crawl Stone Soup version 0.25-a0-294-gea9b1ad378 (webtiles) character file.

Game seed: 4238934221882331876, levelgen mode: deterministic

24547 MoonlitKnight the Severer (level 13, -5/118 HPs)
             Began as a Hill Orc Fighter on Dec 17, 2019.
             Was a High Priest of Beogh.
             Killed from afar by an orc sorcerer (43 damage)
             ... with a bolt of negative energy
             ... on level 2 of the Orcish Mines.
             The game lasted 00:55:31 (16673 turns).

MoonlitKnight the Severer (Hill Orc Fighter)       Turns: 16673, Time: 00:55:32

Health: -5/118     AC: 15    Str: 26    XL:     13   Next: 13%
Magic:  20/20      EV:  5    Int: 14    God:    Beogh [*****.]
Gold:   1135       SH: 17    Dex: 11    Spells: 12/12 levels left

rFire    . . .     SeeInvis +   a - +2 war axe (venom)
rCold    + . .     Gourm    .   n - +0 large shield
rNeg     . . .     Faith    .   D - +0 chain mail "Doneischuc" {Dex+4 SInv}
rPois    +         Spirit   .   u - +0 hat {Int+3}
rElec    .         Reflect  .   P - +0 cloak
rCorr    .         Harm     .   (no gloves)
MR       +....                  K - +1 pair of boots
Stlth    ..........             (no amulet)
HPRegen  0.29/turn              t - ring of protection from magic
MPRegen  0.17/turn              B - ring of Eternal Night {rPois rC+ Str+2 Int+3 Dex-3}

@: marked, hasted, studying Stealth, heavily drained, very quick
A: walk on water
a: Smiting, Recall Orcish Followers, Give Item to Named Follower, Renounce
Religion


You were on level 2 of the Orcish Mines.
You worshipped Beogh.
Beogh was extremely pleased with you.
You were not hungry.

You visited 3 branches of the dungeon, and saw 17 of its levels.
You also visited: Sewer and Ossuary.

You collected 1135 gold pieces.

Inventory:

Hand Weapons
 a - a +2 war axe of venom (weapon)
 b - the +4 hunting sling of Tension {venom, Int+2}
   (You found it on level 2 of the Lair of Beasts)

   It poisons the ammo it fires.
   It affects your intelligence (+2).
Missiles
 i - 69 poisoned darts (quivered)
 j - 48 sling bullets
 O - 3 curare-tipped darts
Armour
 n - a +0 large shield (worn)
 u - a +0 hat of intelligence (worn)
 D - the +0 chain mail "Doneischuc" (worn) {Dex+4 SInv}
   (You found it on level 1 of the Lair of Beasts)

   It affects your dexterity (+4).
   It lets you see invisible.
 K - a +1 pair of boots (worn)
 P - a +0 cloak (worn)
Jewellery
 c - the amulet of Peace {Regen+ Str+5 Dex+4, unknown}
   (You found it on level 2 of the Lair of Beasts)

   [amulet of regeneration]

   It affects your strength (+5).
   It affects your dexterity (+4).
   It increases your rate of regeneration.
 t - a ring of protection from magic (left hand)
 w - an uncursed amulet of faith
 A - a +3 ring of dexterity {unknown}
 B - the ring of Eternal Night (right hand) {rPois rC+ Str+2 Int+3 Dex-3}
   (You found it on level 5 of the Dungeon)

   [ring of poison resistance]

   It affects your strength (+2).
   It affects your intelligence (+3).
   It affects your dexterity (-3).
   It protects you from cold.
   It protects you from poison.
Wands
 o - a wand of enslavement (8)
 y - a wand of iceblast (6)
 C - a wand of random effects (16)
 Q - a wand of paralysis (6)
Scrolls
 h - 5 scrolls of enchant armour
 m - 7 scrolls of teleportation
 r - 12 scrolls of fog
 s - 3 scrolls of immolation
 F - 5 scrolls of magic mapping
 H - 2 scrolls of enchant weapon
 I - a scroll of holy word {unknown}
 J - a scroll of amnesia {unknown}
 M - 5 scrolls of remove curse
 N - a scroll of fear {unknown}
 S - 3 scrolls of identify
Potions
 d - 7 potions of might
 e - 2 potions of berserk rage
 g - a potion of lignification {unknown}
 k - 10 potions of curing
 l - a potion of haste
 p - 2 potions of brilliance
 q - 3 potions of agility
 v - 2 potions of flight
 x - 2 potions of ambrosia
 E - 2 potions of heal wounds
 G - 3 potions of magic
 R - a potion of invisibility {unknown}
Books
 z - a manual of Stealth
Miscellaneous
 L - a fan of gales
Comestibles
 f - 32 rations
 T - 6 chunks of flesh


   Skills:
 + Level 12.2(10.5) Fighting
 - Level 15.5(13.7) Axes
 + Level 11.4(9.7) Armour
 + Level 9.8(8.2) Shields
 + Level 9.7(8.1) Invocations


You had 12 spell levels left.
You didn't know any spells.
Your spell library contained the following spells:

 Spells                   Type           Power        Failure   Level  Hunger
 Animate Skeleton         Necr           N/A          100%        1    ##.....
 Apportation              Tloc           #.....       100%        1    ##.....
 Beastly Appendage        Tmut           #.....       100%        1    ##.....
 Confusing Touch          Hex            #.....       100%        1    ##.....
 Sandblast                Erth           #.....       100%        1    ##.....
 Summon Small Mammal      Summ           #...         100%        1    ##.....
 Passwall                 Tmut/Erth      #.......     100%        2    ###....
 Poisonous Vapours        Pois/Air       #.....       100%        2    ###....
 Sticks to Snakes         Tmut           #.......     100%        2    ###....
 Swiftness                Chrm/Air       #.......     100%        2    ###....
 Confuse                  Hex            #.......     100%        3    ####...
 Gell's Gravitas          Tloc           #.........   100%        3    ####...
 Spider Form              Tmut/Pois      #.........   100%        3    ####...
 Stone Arrow              Conj/Erth      #.....       100%        3    ####...
 Cause Fear               Hex            #.........   100%        4    #####..
 Ice Form                 Ice/Tmut       #.......     100%        4    #####..
 Petrify                  Tmut/Erth      #.......     100%        4    #####..
 Summon Lightning Spire   Summ/Air       #.......     100%        4    #####..
 Blade Hands              Tmut           #.........   100%        5    ######.
 Lee's Rapid Deconstruct  Erth           #.........   100%        5    ######.
 Metabolic Englaciation   Hex/Ice        #.........   100%        5    ######.
 Silence                  Hex/Air        #.........   100%        5    ######.
 Summon Mana Viper        Hex/Summ       #.......     100%        5    ######.
 Yara's Violent Unravell  Hex/Tmut       #.........   100%        5    ######.
 Deflect Missiles         Chrm/Air       #.........   100%        6    #######
 Discord                  Hex            #.........   100%        8    #######


Dungeon Overview and Level Annotations

Branches:
Dungeon (10/15)            Temple (0/1) D:5            Lair (5/6) D:10
 Shoals (0/4) Lair:2        Snake (0/4) Lair:3          Orc (2/2) D:9
    Elf (0/3) Orc:2         Sewer (visited)         Ossuary (visited)
  Slime: Lair:5-6

Altars:
Cheibriados
Elyvilon
Fedhas
Hepliaklqana
Kikubaaqudgha
Makhleb
Qazlal
Ru
Uskayaw
The Shining One

Shops:
D:5 !   D:7 ?   D:9 !

Annotations:
Lair:4 exclusion: oklob plant
Orc:2 3 runed translucent doors, ilii's ghost, journeyman GnWz


Message History

Your orcs go into a battle-frenzy!
Your orc knight hits the orc wizard with a +0 battleaxe!!
The orc wizard dies!
Beogh accepts your kill.
Beogh blesses Brandogh with healing.
An orc wizard comes into view. It is wielding a +0 dagger.
An ogre comes into view. It is wielding a +0 giant club.
You hit the soul eater but do no damage.
The soul eater is lightly wounded.
The soul eater disappears in a puff of smoke!
Beogh accepts your kill.
Beogh blesses a follower with healing.
You feel a bit more experienced.
Your orc priest calls upon Beogh to heal your orc.
Your orc's wounds heal themselves!
Your orc hits the orc wizard with a +0 war axe!
An orc wizard comes into view. It is wielding a +0 dagger.
The orc wizard barely misses your orc. The orc sorcerer casts a spell at you.
The bolt of negative energy hits you!!!
You feel drained.
You die...
Beogh appreciates the orc sorcerer's killing of a heretic priest.

##.## ###...
#...#########.#....
#...oo....oo.......
##...oo.o..oo...)...
...oo#######o###o###
.....# #÷# #o#
.....# #o###o###.#
.o...#


#ooooo)ooo# ...^.# #o###@###.# .....## #.# #§# ........ ..# #o# #....### #..#
#h# #....# #... O3. #....# #..# ### +....# #.. +....# +..... You could see a sun
demon, a warg, an orc sorcerer, an ogre, 2 orc wizards, 2 friendly orc knights,
the friendly Arbolt the orc knight, the friendly Brandogh the orc knight, a
friendly orc warrior, a friendly orc priest, the friendly Orkrul the orc priest
and 3 friendly orcs.

Vanquished Creatures
  2 centaur warriors (D:9)
  A death yak (Lair:5)
  2 two-headed ogres
  Urug (D:10)
  A deep elf mage (D:9)
  An orc sorcerer (Orc:2)
  3 black mambas (Lair:3)
  A spiny frog (Lair:3)
  3 komodo dragons
  A kobold demonologist (D:9)
  A troll (D:9)
  Prince Ribbit (D:7)
  A hornet (D:9)
  A polar bear (Lair:1)
  6 hippogriffs
  11 yaks
  2 basilisks (Lair:4)
  A steam dragon (Lair:4)
  Menkaure (D:5)
  A warg (Orc:2)
  12 water moccasins
  4 porcupines
  2 black bears
  An orc warrior (Orc:1)
  2 sky beasts
  An ice beast (D:5)
  6 ogres
  A necrophage (D:7)
  3 centaurs
  A big kobold (D:7)
  5 crocodiles
  9 bullfrogs
  4 scorpions
  6 killer bees (D:7)
  2 howler monkeys
  4 wights
  2 crimson imps (D:5)
  A bullfrog zombie (D:5)
  A centaur zombie (D:9)
  A jelly (D:8)
  A centaur skeleton (D:9)
  2 gnoll shamans
  An orc priest (D:6)
  A hound (D:6)
  4 iguanas
  5 orc wizards
  6 worker ants
  4 big kobold zombies (Ossuary)
  A hound skeleton (D:4)
  4 mummies (Ossuary)
  A howler monkey zombie (D:7)
  16 gnolls
  18 adders
  7 river rats (Sewer)
  2 shadow imps
  3 oozes
  An adder zombie (D:7)
  An adder skeleton (D:7)
  3 worms
  A dart slug (D:1)
  9 leopard geckos
  25 orcs
  13 ball pythons
  10 bats
  7 giant cockroaches
  7 goblins
  6 hobgoblins
  5 jackals
  9 quokkas
  8 frilled lizards
  3 goblin zombies
  A hobgoblin zombie (Ossuary)
  15 kobolds
  An orc zombie (Ossuary)
  A quokka zombie (D:7)
  27 rats
  2 fungi (Lair:4)
  3 plants (Lair:3)
344 creatures vanquished.

Vanquished Creatures (collateral kills)
  Fannar (Lair:3)
  A hydra (Lair:1)
  2 death yaks (Lair:5)
  2 orc sorcerers (Orc:2)
  A black mamba (Lair:2)
  6 spiny frogs
  3 komodo dragons
  2 polar bears (Lair:1)
  4 hippogriffs
  14 yaks
  A basilisk (D:10)
  A wyvern (Lair:4)
  2 wargs (Orc:2)
  8 water moccasins
  5 porcupines
  4 orc warriors
  A black bear (Lair:4)
  2 centaurs
  5 crocodiles
  4 bullfrogs
  A scorpion (D:10)
  A bullfrog zombie (D:6)
  A crimson imp (D:9)
  6 orc wizards
  3 adders (Lair:3)
  5 orcs
  A quokka (D:9)
  A bush (D:10)
  8 fungi
  15 plants
111 creatures vanquished.

Vanquished Creatures (others)
  6 orc warriors
  A howler monkey (D:4)
  An orc priest (D:4)
  2 orc wizards (Orc:1)
  11 orcs
  A fungus (Lair:4)
  3 plants
25 creatures vanquished.

Grand Total: 480 creatures vanquished

Notes
Turn   | Place    | Note
-------+----------+-------------------------------------------
     0 | D:1      | MoonlitKnight the Hill Orc Fighter began the quest for the
                  | Orb.
     0 | D:1      | Reached XP level 1. HP: 19/19 MP: 1/1
    49 | D:1      | Reached skill level 3 in Axes
    60 | D:1      | Reached XP level 2. HP: 25/27 MP: 2/2
   340 | D:1      | Reached XP level 3. HP: 30/33 MP: 3/3
   640 | D:1      | Reached skill level 4 in Axes
   999 | D:2      | Reached XP level 4. HP: 40/40 MP: 4/4
  1015 | D:2      | Found a white marble altar of Elyvilon.
  1426 | D:2      | Found a hazy altar of Hepliaklqana.
  1482 | D:3      | Reached skill level 5 in Axes
  1483 | D:3      | Reached XP level 5. HP: 37/47 MP: 5/5
  1987 | D:3      | Reached XP level 6. HP: 51/55 MP: 6/6
  1991 | D:3      | Reached skill level 6 in Axes
  2142 | D:3      | Reached skill level 5 in Fighting
  2405 | D:3      | Found a blossoming altar of Fedhas.
  2417 | D:3      | Found an ancient bone altar of Kikubaaqudgha.
  2433 | D:3      | Found a sacrificial altar of Ru.
  2582 | D:4      | Became a worshipper of Beogh the Brigand
  2839 | D:4      | Reached skill level 7 in Axes
  2839 | D:4      | Reached skill level 5 in Armour
  2839 | D:4      | Reached XP level 7. HP: 49/61 MP: 7/7
  3186 | D:4      | Reached * piety under Beogh
  3757 | D:5      | Entered Level 5 of the Dungeon
  3772 | D:5      | Reached skill level 8 in Axes
  4216 | D:5      | Noticed Menkaure
  4500 | D:5      | Killed Menkaure
  4500 | D:5      | Reached XP level 8. HP: 33/71 MP: 8/8
  4739 | D:5      | Got a transparent ivory ring
  4792 | D:5      | Identified the ring of Eternal Night {rPois rC+ Str+2 Int+3
                  | Dex-3} (You found it on level 5 of the Dungeon)
  4817 | D:5      | Reached skill level 9 in Axes
  4824 | D:5      | Found a staircase to the Ecumenical Temple.
  4903 | D:5      | Found a hide-covered altar of Uskayaw.
  4903 | D:5      | Noticed a +0 hand axe
  4904 | D:5      | Noticed a +0 dagger
  5027 | D:5      | Found Wotuli's Distillery.
  5538 | D:6      | Found a glowing drain.
  5564 | Sewer    | Entered a sewer
  5610 | Sewer    | Reached ** piety under Beogh
  5655 | Sewer    | Reached skill level 10 in Axes
  5916 | Sewer    | Reached *** piety under Beogh
  6187 | D:6      | Reached XP level 9. HP: 79/79 MP: 9/9
  6634 | D:7      | Noticed Prince Ribbit
  6654 | D:7      | Reached skill level 11 in Axes
  6663 | D:7      | Killed Prince Ribbit
  6818 | D:7      | Found Lull's Magic Scroll Shoppe.
  7018 | D:7      | Found a sand-covered staircase.
  7026 | Ossuary  | Entered an ossuary
  7314 | Ossuary  | Reached **** piety under Beogh
  7660 | D:7      | Reached skill level 12 in Axes
  7664 | D:7      | Reached skill level 5 in Shields
  7835 | D:7      | Found a glowing golden altar of the Shining One.
  7982 | D:7      | Found a burning altar of Makhleb.
  7982 | D:7      | Found a snail-covered altar of Cheibriados.
  8078 | D:7      | Gained Orkrul as an ally
  8078 | D:7      | Reached XP level 10. HP: 90/90 MP: 10/10
  8288 | D:8      | Noticed a two-headed ogre
  8298 | D:8      | Killed a two-headed ogre
  8298 | D:8      | Reached skill level 1 in Invocations
  8715 | D:8      | Found a stormy altar of Qazlal.
  9024 | D:9      | Found Ciotanothri's Distillery.
  9179 | D:9      | Noticed a kobold demonologist
  9181 | D:9      | Found a burning altar of Makhleb.
  9185 | D:9      | Killed a kobold demonologist
  9186 | D:9      | Noticed a centaur warrior
  9200 | D:9      | Killed a centaur warrior
  9200 | D:9      | Reached skill level 13 in Axes
  9208 | D:9      | Reached ***** piety under Beogh
  9234 | D:9      | Noticed a centaur warrior
  9250 | D:9      | Killed a centaur warrior
  9289 | D:9      | Identified the cursed +1 dagger of the Eggplant {flame,
                  | rElec rN+++ Str+3 Dex-3}
  9300 | D:9      | Noticed a deep elf mage
  9312 | D:9      | Killed a deep elf mage
  9410 | D:9      | Reached XP level 11. HP: 77/99 MP: 14/14
  9504 | D:9      | Got a sapphire arbalest
  9508 | D:9      | Identified the Catalogue of Supportive Air
  9610 | D:9      | Noticed a two-headed ogre
  9616 | D:9      | Killed a two-headed ogre
  9625 | D:9      | Identified the +9 arbalest "Citon" {freeze, Fragile rElec
                  | rC+++ Int-2} (You found it on level 9 of the Dungeon)
  9947 | D:9      | Reached skill level 14 in Axes
  9947 | D:9      | Reached skill level 5 in Invocations
 10304 | D:9      | Found a staircase to the Orcish Mines.
 10497 | D:10     | Entered Level 10 of the Dungeon
 10507 | D:10     | Found a staircase to the Lair.
 10512 | D:10     | Reached skill level 10 in Fighting
 10514 | D:10     | Noticed Urug
 10531 | D:10     | Killed Urug
 10800 | Lair:1   | Entered Level 1 of the Lair of Beasts
 10894 | Lair:1   | Got a pitted chain mail
 10904 | Lair:1   | Identified the +0 chain mail "Doneischuc" {Dex+4 SInv} (You
                  | found it on level 1 of the Lair of Beasts)
 11143 | Lair:1   | Noticed a six-headed hydra
 11153 | Lair:1   | Killed a 12-headed hydra
 12014 | Lair:2   | Got a translucent hunting sling
 12015 | Lair:2   | Identified the +4 hunting sling of Tension {venom, Int+2}
                  | (You found it on level 2 of the Lair of Beasts)
 12264 | Lair:2   | Found a staircase to the Shoals.
 12531 | Lair:2   | Got a flickering lead amulet
 12700 | Lair:2   | Reached skill level 15 in Axes
 13023 | Lair:2   | Reached XP level 12. HP: 108/108 MP: 17/17
 13240 | Lair:3   | Reached skill level 10 in Armour
 13438 | Lair:3   | Gained Arbolt as an ally
 13804 | Lair:3   | Found a staircase to the Snake Pit.
 13875 | Lair:3   | Noticed Fannar
 13891 | Lair:3   | Killed Fannar
 16044 | Lair:5   | Noticed a death yak
 16051 | Lair:5   | Killed a death yak
 16054 | Lair:5   | Noticed a death yak
 16064 | Lair:5   | Killed a death yak
 16064 | Lair:5   | Reached XP level 13. HP: 88/118 MP: 18/20
 16328 | Orc:1    | Entered Level 1 of the Orcish Mines
 16558 | Orc:2    | Entered Level 2 of the Orcish Mines
 16558 | Orc:2    | Found a staircase to the Elven Halls.
 16562 | Orc:2    | Noticed ilii's ghost (journeyman GnWz)
 16574 | Orc:2    | Found a runed translucent gate.
 16574 | Orc:2    | Found a runed translucent gate.
 16574 | Orc:2    | Found a runed translucent gate.
 16672 | Orc:2    | Gained Brandogh as an ally
 16673 | Orc:2    | Killed from afar by an orc sorcerer

Levels and vault maps discovered:
D:1:      minmay_arrival_nine_rooms, layout_rooms
D:2:      layout_rooms, nicolae_overflow_crystal_walls, marbit_many_paths
D:3:      layout_rooms, minmay_overflow_temple_star_quad
D:4:      minmay_wonky_spiral, layout_cave_pools, serial_column_ruins,
          column_ruins_columns_corner, column_ruins_grid_3,
          column_ruins_columns_corner, column_ruins_open_tiny
D:5:      layout_basic, dancing_weapons_uskayaw, minmay_temple_entry_metal_lava,
          serial_shops, nicolae_shop_trees, first_ration,
          chequers_serial_rivers_micro_d, uniq_menkaure
D:6:      layout_cave_pools, portal_sewer_entry_c
D:7:      layout_basic, nicolae_tso_swordbearing_angel,
          gammafunk_temple_overflow_wave, enter_ossuary_4, serial_shops, shop,
          uniq_prince_ribbit1
D:8:      layout_cave_pods, grunt_qazlal_sundering
D:9:      minmay_the_grid_triangle_9x9_rhombus_thin
          [minmay_the_grid_triangle_9x9_empty,
          minmay_the_grid_triangle_9x9_prize_center,
          minmay_the_grid_triangle_9x9_shrine,
          minmay_the_grid_triangle_9x9_stretched_checkered], layout_basic,
          david_orc_4, serial_shops, shop
D:10:     layout_roguey, minmay_lair_entry_grove, serial_shops,
          nicolae_shop_behind_doors, hangedman_stone_soup, minmay_evil_grid,
          uniq_urug
Lair:1:   layout_concentric_octagons, minivault_26, cheibrodos_lair_lostbears,
          grunt_megastairs_4, lemuel_fruit_tree, serial_bayou_shore_b,
          infiniplex_staircase_pool_2
Lair:2:   layout_cave_pods, shoals_dummy_entry
Lair:3:   layout_gridlike, minmay_snake_entry_six_corridors, uniq_fannar
Lair:4:   layout_roguey, infiniplex_staircase_pool, minmay_lair_oklob_chamber
Lair:5:   layout_regular_city, chequers_serial_rivers_micro_c,
          grunt_megastairs_3, serial_bayou_shore_a
Orc:1:    layout_diamond_mine
Orc:2:    st_orc_town, layout_caves, gauntlet_entry_generic,
          gammafunk_ghost_split, serial_shops, nicolae_shop_behind_doors

Skill      XL: |  1  2  3  4  5  6  7  8  9 10 11 12 |
---------------+-------------------------------------+-----
Axes           | 3 4 5 7 8 10 12 13 15 | 15.5
Fighting       | 4 5 6 7 8 9 10 12 | 12.2
Armour         | 4 5 6 8 9 11 | 11.4
Shields        | 5 6 7 9 |  9.8
Invocations    | 4 6 9 |  9.7

Action                   |  1- 3 |  4- 6 |  7- 9 | 10-12 | 13-15 || total
-------------------------+-------+-------+-------+-------+-------++-------
Melee: War axe           |    85 |   251 |   561 |   404 |    48 ||  1349
 Fire: Hunting sling     |       |       |       |    17 |       ||    17
Throw: Dart              |       |       |       |     1 |       ||     1
Invok: Convert to Beogh  |       |     1 |       |       |       ||     1
       Recall Orcish Fol |       |       |       |     9 |     1 ||    10
       Smiting           |       |       |       |    10 |     1 ||    11
       Give Item to Name |       |       |       |     2 |       ||     2
  Use: Scroll            |       |     6 |     2 |    14 |       ||    22
       Potion            |       |       |       |       |     3 ||     3
 Stab: Distracted        |       |       |     1 |     6 |       ||     7
  Eat: Chunk             |       |     7 |    11 |    25 |       ||    43
       Ration            |       |       |     2 |       |     1 ||     3
Armor: Scale mail        |    30 |       |       |       |       ||    30
       Chain mail        |    20 |   173 |    86 |    95 |    13 ||   387
       Plate armour      |       |       |   256 |    53 |       ||   309
Dodge: Dodged            |    36 |    60 |    93 |    47 |     7 ||   243
Block: Shield            |    38 |   131 |   300 |    15 |       ||   484
       Large shield      |       |       |       |   292 |    32 ||   324

Table legend:
 A = Non-vault XP
 B = Vault XP
 C = Vault XP percentage of total XP
 D = Non-vault monster count
 E = Vault monster count
 F = Vault count percentage of total count
                 A         B        C        D         E       F
            +---------+---------+-------+---------+---------+-------
      Total |   23497 |   11571 |  33.0 |     285 |     142 |  33.3
            +---------+---------+-------+---------+---------+-------
        D:1 |      48 |       0 |   0.0 |      28 |       0 |   0.0
        D:2 |      81 |       3 |   3.6 |      18 |       1 |   5.3
        D:3 |     311 |       0 |   0.0 |      35 |       0 |   0.0
        D:4 |     403 |      23 |   5.4 |      35 |       2 |   5.4
        D:5 |     767 |     157 |  17.0 |      18 |       1 |   5.3
        D:6 |     464 |       6 |   1.3 |      10 |       4 |  28.6
        D:7 |    1737 |     288 |  14.2 |      32 |       3 |   8.6
        D:8 |    1071 |       0 |   0.0 |       7 |       0 |   0.0
        D:9 |    2173 |    3090 |  58.7 |      12 |      18 |  60.0
       D:10 |     268 |    2203 |  89.2 |       3 |      14 |  82.4
     Lair:1 |    2060 |     734 |  26.3 |      12 |       4 |  25.0
     Lair:2 |    2094 |       0 |   0.0 |      11 |       0 |   0.0
     Lair:3 |    4934 |    2038 |  29.2 |      29 |      15 |  34.1
     Lair:4 |    4654 |     267 |   5.4 |      27 |       1 |   3.6
     Lair:5 |    2177 |     495 |  18.5 |       4 |       4 |  50.0
      Orc:1 |     188 |       0 |   0.0 |       2 |       0 |   0.0
      Orc:2 |      67 |    1722 |  96.3 |       2 |      15 |  88.2
      Sewer |       0 |     371 | 100.0 |       0 |      48 | 100.0
    Ossuary |       0 |     174 | 100.0 |       0 |      12 | 100.0
            +---------+---------+-------+---------+---------+-------
